woodfighter, chaotic female sylph Ranger | |....{. ---------- -........+.....h.. ------------ -..........................f..--------- .......*..e......- --.......................d@aZ.................e....................- --...........h...........Yf......o........l................?.....-- --............................oo....Z.j........................-- --...............e...@......Z.o....................o........>-- -.........."......Z...h....)./....).........................- -............h...a............................................- -..........................g.u..................................- -.............................o.o....o..........+.................- -.............................---------.h..M.............%....n.....- -...................------------ ----------- ..................- ....{....------------ ----------- ...{....| |....... .....| -------- ------ woodfighter the Reconnoiteress Experience level: 10 Strength: 16 Dexterity: 15 Constitution: 16 Intelligence: 14 Wisdom: 14 Charisma: 8 Health: 0(82) Energy: 62(62) Def: 6 Gold: 0 Moves: 19399 Dungeon seed: pSOg3HkJ3CpoHzoc Game ID: woodfighter_1468334142 Your Inventory: Weapons a - a +1 dagger b - a +2 bow (weapon in hand) c - 19 +2 arrows (in quiver) d - 32 blessed +0 arrows o - 10 blessed +2 arrows R - 11 blessed +1 arrows Armor q - a blessed +3 T-shirt (being worn) r - a blessed greased fireproof +2 cloak of magic resistance (being worn) Comestibles f - 4 uncursed cram rations A - an uncursed lizard corpse C - an uncursed clove of garlic F - an uncursed food ration W - an uncursed tripe ration Rings D - an uncursed ring of teleport control (on left hand) Tools p - an uncursed stethoscope s - a blessed bag of holding u - a blessed +0 unicorn horn E - an uncursed skeleton key O - an uncursed magic lamp Gems n - a blessed luckstone Contents of the bag of holding: 172 gold pieces 3 corroded +2 arrows 4 rusty +2 arrows 2 blessed rusty +0 arrows 8 +0 silver arrows an uncursed +0 mummy wrapping a blessed +1 pair of leather gloves 2 uncursed lizard corpses 2 uncursed tripe rations a wand of death (0:4) a wand of digging (0:5) a wand of striking (0:5) a wand of teleportation (0:6) an uncursed blindfold a +0 pick-axe a blessed +0 unicorn horn Spells and supernatural/magical abilities: Name Level Category Fail Memory W - pray for help -- divine ? -- Your skills at the end: Miscellaneous Skills wands [Basic] Weapon Skills dagger [Basic] bow [Expert] Spellcasting Skills Final Attributes: You were devoutly aligned. You were cold resistant. You were magic-protected. You saw invisible. You had automatic searching. You had infravision. You were displaced. You were stealthy. You had teleport control. You were protected from shape changers. You were lucky. You had extra luck. Good luck did not time out for you. You are dead. Vanquished creatures: a vampire lord a vampire a watch captain 2 giant mimics a wumpus 4 stalkers an earth elemental 2 small mimics a warhorse 3 xans an ettin mummy 2 trolls 2 wood golems 2 djinn a shocking sphere a tiger 2 dwarf kings 2 tengu 4 chameleons a crocodile a leocrotta a mountain centaur 2 human mummies a pit viper a wraith 2 leather golems 2 soldiers 2 watchmen 3 giant beetles a cockatrice 2 wolves a winter wolf cub a lynx a panther 3 leprechauns a quivering blob 6 lizards a giant spider a scorpion 2 iron piercers a horse a forest centaur 8 gnome kings an orc mummy a dwarf mummy 2 brown puddings 2 rust monsters an owlbear a yeti a gold golem a werewolf 2 dogs a housecat a jaguar 3 dwarf lords a blue jelly 3 water nymphs a white unicorn a gray unicorn a dust vortex a raven a plains centaur 4 gnome mummies 2 snakes 5 apes 4 human zombies 3 soldier ants 3 fire ants 2 imps 4 Mordor orcs 4 rock moles 3 rock piercers a pony a fog cloud a yellow light 2 shriekers a violet fungus 10 gnome lords 4 gnomish wizards a kobold mummy 3 red naga hatchlings a guardian naga hatchling 3 elf zombies a ghoul 2 straw golems a paper golem 3 giant ants 4 little dogs 11 floating eyes 3 kittens 29 dwarves 2 homunculi 4 kobold lords a kobold shaman 2 iguanas 19 rothes 2 rabid rats 3 centipedes 2 giant bats 2 monkeys 6 orc zombies 4 dwarf zombies a wererat 2 werejackals 4 killer bees 9 coyotes a gas spore 9 hobbits 6 acid blobs 3 large kobolds 4 geckos 3 hobgoblins 5 giant rats 11 cave spiders 4 brown molds 5 yellow molds 2 green molds 5 red molds 64 gnomes 14 manes a gnome zombie 8 jackals 4 foxes 8 kobolds 13 newts 4 goblins 12 sewer rats 11 grid bugs 14 bats 10 lichens 4 kobold zombies 510 creatures vanquished. Voluntary challenges: You were vegetarian. You had followed a strict vegan diet until turn 9075. You used a wielded weapon 14 times, starting on turn 286. You read items or engraved 19 times, starting on turn 3869. You never genocided any monsters. You never polymorphed an object. You never changed form. You completed Sokoban on turn 7672, according to the rules. You used 1 wish, starting on turn 19084. You did not wish for any artifacts. You never split a pudding. You never wrote Elbereth's name. You violated your moral code, losing 11 points of alignment, starting on turn 10295. Dungeon overview: The Dungeons of Doom: levels 1 to 13 Level 1 a long staircase Level 2 Level 3 an altar to Mars stairs to The Gnomish Mines Level 4 (locked box) some fountains Level 5 Level 6 an altar to Mars Level 7 (Oracle) many fountains Level 8 (vault) a fountain stairs to Sokoban Level 9 Level 10 a scroll shop, a fountain Level 11 a fountain Level 12 a fountain, a sink Level 13 (portal to quest/big room) <- You were here some fountains The Gnomish Mines: levels 4 to 12 Level 4 stairs to The Dungeons of Doom Level 5 Level 6 many shops, a temple to Mars, a magic chest, some fountains Level 7 Level 8 Level 9 Level 10 Level 11 Level 12 a magic chest, some fountains Sokoban: levels 4 to 7 Level 4 a magic chest Level 5 Level 6 Level 7 a magic chest stairs to The Dungeons of Doom History has recorded: On T:1 you entered the Dungeons of Doom to retrieve the Amulet of Yendor! On T:114 you reached level 2 of The Dungeons of Doom. On T:286 you advanced to experience level 2. On T:898 you reached level 3 of The Dungeons of Doom. On T:1053 you reached level 4 of The Dungeons of Doom. On T:1098 you advanced to experience level 3. On T:1230 you reached level 1 of The Gnomish Mines. On T:1492 you advanced to experience level 4. On T:1955 you reached level 5 of The Dungeons of Doom. On T:2056 you reached level 6 of The Dungeons of Doom. On T:2504 you reached level 7 of The Dungeons of Doom. On T:2617 you advanced to experience level 5. On T:3117 you reached level 8 of The Dungeons of Doom. On T:3287 you reached level 4 of Sokoban. On T:3352 you opened a magic chest. On T:3353 you opened a magic chest. On T:3823 you advanced to experience level 6. On T:3868 you opened a magic chest. On T:4197 you reached level 3 of Sokoban. On T:5070 you advanced to experience level 7. On T:5168 you reached level 2 of Sokoban. On T:6114 you reached level 1 of Sokoban. On T:6615 you opened a magic chest. On T:6616 you opened a magic chest. On T:6918 you advanced to experience level 8. On T:7672 you advanced to experience level 9. On T:7672 you entered the Sokoban zoo. On T:7942 you opened a magic chest. On T:7943 you opened a magic chest. On T:8608 you reached level 2 of The Gnomish Mines. On T:9173 you reached level 3 of The Gnomish Mines. On T:9221 you entered the Minetown temple On T:9386 you opened a magic chest. On T:9387 you opened a magic chest. On T:9619 you opened a magic chest. On T:9620 you opened a magic chest. On T:9734 you reached level 4 of The Gnomish Mines. On T:11018 you reached level 5 of The Gnomish Mines. On T:11400 you reached level 6 of The Gnomish Mines. On T:11784 you reached level 7 of The Gnomish Mines. On T:12218 you advanced to experience level 10. On T:12260 you reached level 8 of The Gnomish Mines. On T:12634 you reached level 9 of The Gnomish Mines. On T:12634 you reached the bottom of the Mines. On T:13448 you opened a magic chest. On T:13450 you opened a magic chest. On T:13451 you opened a magic chest. On T:14388 you opened a magic chest. On T:14392 you opened a magic chest. On T:14392 you opened a magic chest. On T:14449 you opened a magic chest. On T:14450 you opened a magic chest. On T:14451 you opened a magic chest. On T:14454 you opened a magic chest. On T:14810 you opened a magic chest. On T:14817 you opened a magic chest. On T:14819 you opened a magic chest. On T:14820 you opened a magic chest. On T:15568 you reached level 9 of The Dungeons of Doom. On T:16045 you reached level 10 of The Dungeons of Doom. On T:16397 you reached level 11 of The Dungeons of Doom. On T:16970 you reached level 12 of The Dungeons of Doom. On T:17645 you reached level 13 of The Dungeons of Doom. On T:18317 you opened a magic chest. On T:18318 you opened a magic chest. On T:18337 you opened a magic chest. On T:18351 you opened a magic chest. On T:18370 you opened a magic chest. On T:18492 you opened a magic chest. On T:18493 you opened a magic chest. On T:18503 you opened a magic chest. On T:18545 you opened a magic chest. On T:18548 you opened a magic chest. On T:18549 you opened a magic chest. On T:18549 you opened a magic chest. On T:18946 you opened a magic chest. On T:18962 you opened a magic chest. On T:18965 you opened a magic chest. On T:18968 you opened a magic chest. On T:18969 you opened a magic chest. On T:18970 you opened a magic chest. On T:18971 you opened a magic chest. On T:18973 you opened a magic chest. On T:18975 you opened a magic chest. On T:18980 you opened a magic chest. On T:19003 you opened a magic chest. On T:19018 you opened a magic chest. On T:19034 you opened a magic chest. On T:19084 you wished for "+2 blessed fixed greased cloak of magic resistance". On T:19087 you opened a magic chest. On T:19088 you opened a magic chest. On T:19116 you opened a magic chest. Score breakdown: Gold: 172 ( 17 points) Experience: 10 levels ( 900 points) Exploration: 13 levels ( 360 points) Discoveries: 55 items ( 2000 points) Variety of kills: 131 monsters ( 2000 points) Major goal: Sokoban/Mines ( 1500 points) Survival: died (score multiplied by 3) Total score: 20331 Latest messages: The jaguar claws you! (2x) The jaguar bites! The kitten misses. The soldier ant bites! The soldier ant stings! You are beginning to feel hungry. The arrow hits the jaguar! The dog misses the yeti. The yeti claws you! The yeti misses. The yeti bites! The Green-elf swings his runed bow at the orc zombie. The Green-elf hits the orc zombie. The jaguar claws you! (2x) The jaguar bites! The kitten bites! The soldier ant bites! The soldier ant stings! The dog misses the yeti. The jaguar claws you! The jaguar misses. The jaguar bites! The kitten bites! The soldier ant misses. The soldier ant stings! You die... Final status: Goodbye woodfighter the Ranger, killed by a soldier ant... You died in The Dungeons of Doom on dungeon level 13 with 20331 points, and 172 pieces of gold, after 19399 moves. You were level 10 with a maximum of 82 hit points when you died.